 Dungeon Crawl Stone Soup version 0.29-a0-270-g1586fc07ea (webtiles) character file.

Game seed: 5032977401425371836

7 siradein the Grave Robber (level 1, 0/15 HPs)
             Began as a Minotaur Necromancer on Mar 7, 2022.
             Slain by a bat (1 damage)
             ... on level 1 of the Dungeon.
             The game lasted 00:00:19 (71 turns).

siradein the Grave Robber (Minotaur Necromancer)      Turns: 71, Time: 00:00:20

Health: 0/15       AC:  2    Str: 12    XL:     1   Next: 83%
Magic:  2/2        EV: 12    Int: 12    God:
Gold:   0          SH:  0    Dex: 10    Spells: 2/3 levels left

rFire   . . .      SeeInvis .   (no weapon)
rCold   . . .      Faith    .   (no shield)
rNeg    . . .      Spirit   .   a - +0 robe
rPois   .          Reflect  .   (helmet restricted)
rElec   .          Harm     .   (no cloak)
rCorr   .          Rampage  .   (no gloves)
Will    .....                   (no boots)
Stlth   ++........              (no amulet)
HPRegen 0.05/turn               (no ring)
MPRegen 0.08/turn               (no ring)

@: no status effects
A: horns 2, retaliatory headbutt
a: no special abilities


You were on level 1 of the Dungeon.
You visited 1 branch of the dungeon, and saw 1 of its levels.

Inventory:

Armour
 a - a +0 robe (worn)
Potions
 b - a potion of magic


   Skills:
 + Level 0.7 Fighting
 + Level 2.3 Dodging
 - Level 1.5 Stealth
 + Level 1.5 Spellcasting
 + Level 3.0 Necromancy


You had 2 spell levels left.
You knew the following spells:

 Your Spells              Type           Power      Damage    Failure   Level
a - Pain                  Necr           32%        1d5       9%          1

Your spell library contained the following spells:

 Spells                   Type           Power      Damage    Failure   Level
 Animate Skeleton         Necr           16%        N/A       9%          1
 Vampiric Draining        Necr           8%         2d6       24%         3
 Animate Dead             Necr           4%         N/A       63%         4
 Agony                    Necr           8%         N/A       92%         5


Dungeon Overview and Level Annotations

Branches:
Dungeon (1/15)

Altars:


Innate Abilities, Weirdness & Mutations

You have a pair of horns on your head.
You reflexively headbutt those who attack you in melee.


Message History

Your Necromancy skill increases to level 3!
You are too injured to fight recklessly!
You are too injured to fight recklessly!
The jackal attacks as you move away! The jackal barely misses you.
The jackal misses you. You furiously retaliate!
You headbutt the jackal!
You kill the jackal!
The jackal closely misses you. You furiously retaliate!
You headbutt the jackal. The jackal bites you. The jackal barely misses you.
The jackal attacks as you move away! The jackal bites you.
* * * LOW HITPOINT WARNING * * *
The jackal closely misses you. The jackal attacks as you move away!
The jackal misses you. The jackal bites you.
* * * LOW HITPOINT WARNING * * *
You hit the jackal but do no damage.
The jackal is severely wounded.
The jackal closely misses you. You furiously retaliate!
You headbutt the jackal!
You kill the jackal!
You hit the jackal.
The jackal is moderately wounded.
The jackal bites you but does no damage.
The jackal bites you.
* * * LOW HITPOINT WARNING * * *
You hit the jackal.
The jackal is severely wounded.
The jackal barely misses you. You furiously retaliate!
You headbutt the jackal.
You kill the jackal!
You hit the hobgoblin but do no damage. You headbutt the hobgoblin.
You kill the hobgoblin!
You see here a hobgoblin corpse.
You start resting.
Magic restored.
A bat comes into view.
The bat misses you. The bat misses you. The bat hits you.
* * * LOW HITPOINT WARNING * * *
The bat hits you.
You die...

### ...
##########.##
#...[........
#........#
#.....@..#
#.....b..#
#........#
#.......†+
#!.......#
#......†.#
#........#########
#...........†....#
################.##


You could see a bat.

Vanquished Creatures
  A hobgoblin (D:1)
  4 jackals (D:1)
5 creatures vanquished.

Notes
Turn   | Place    | Note
-------+----------+-------------------------------------------
     0 | D:1      | siradein the Minotaur Necromancer began the quest for the
                  | Orb.
     0 | D:1      | Reached XP level 1. HP: 14/14 MP: 1/1
    40 | D:1      | Reached skill level 3 in Necromancy
    71 | D:1      | Slain by a bat

Illustrated notes

Levels and vault maps discovered:
D:1:      tarquinn_simple_flora_water_f, layout_basic

Skill      XL: |  1 |
---------------+----+-----
Necromancy     | 3 |  3.0
Fighting       | |  0.7
Dodging        | |  2.3
Stealth        | |  1.5
Spellcasting   | |  1.5

Action                   || total
-------------------------++-------
Melee: Unarmed           ||     9
       Headbutt          ||     3
Armor: Robe              ||     5
Dodge: Dodged            ||    13

Table legend: (Time is in decaauts)
 A = Elapsed time spent in this place.
 B = Non-inter-level travel time spent in this place.
 C = Inter-level travel time spent in this place.
 D = Time resting spent in this place.
 E = Time spent auto-exploring this place.
 F = Levels seen in this place.
 G = Mean time per level.
                   A        B        C        D        E       F      G
               +--------+--------+--------+--------+--------+-----+--------+
         Total |     71 |     71 |      0 |      8 |     31 |   1 |   71.0 |
       Dungeon |     71 |     71 |      0 |      8 |     31 |   1 |   71.0 |
               +--------+--------+--------+--------+--------+-----+--------+

Top non-repeatable levels by time:
     D:1: 71 daAuts
